Map: World of Sleepers LE

Players

Reynor - Winner!

  • Race: Zerg Zerg
  • Spawn Location: 1:00

Harstem

  • Race: Protoss Protoss
  • Spawn Location: 7:00

VOD

Have the link to the VOD?

Description

Time

  • Played on: Sept. 6, 2019, 7:08 p.m.
  • Length: 9:24
Show
View Real Time Build Order
Export as new Build Order

Reynor Zerg - Winner!

Build Orders: Hatch First 

Get SALT Encoding   

  12  0:00  Drone  
  13  0:12  Overlord  
  13  0:17  Drone  
  14  0:30  Drone x2  
  16  0:47  Hatchery  
  15  0:51  Drone  
  15  0:54  Drone  
  17  0:58  Drone  
  18  1:08  Extractor  
  17  1:13  Spawning Pool  
  17  1:16  Drone  
  17  1:19  Drone  
  18  1:28  Drone  
  19  1:39  Drone  
  20  1:49  Overlord  
  20  1:59  Drone  
  20  2:00  Drone, Queen x2  
  26  2:10  Zergling x2  
  26  2:11  Zergling x2  
  28  2:20  Drone  
  28  2:21  Drone  
  30  2:31  Drone  
  30  2:32  Drone  
  30  2:34  Hatchery  
  31  2:39  Metabolic Boost  
  31  2:44  Overlord, Drone  
  32  2:50  Queen  
  34  2:53  Drone  
  34  2:55  Drone  
  36  3:03  Drone  
  36  3:04  Drone  
  38  3:10  Overlord  
  38  3:11  Drone x4  
  42  3:14  Zergling x2  
  42  3:18  Spore Crawler  
  41  3:22  Zergling x2  
  41  3:24  Overlord  
  43  3:29  Zergling x4  
  43  3:32  Queen  
  47  3:38  Zergling x2  
  47  3:39  Zergling x4  
  47  3:41  Drone  
  51  3:43  Drone  
  51  3:48  Spore Crawler  
  51  3:49  Drone  
  51  3:52  Lair  
  51  3:55  Drone x4  
  56  4:00  Roach Warren  
  55  4:03  Drone, Extractor  
  55  4:04  Extractor  
  55  4:07  Overlord  
  55  4:09  Drone  
  54  4:22  Zergling x6  
  54  4:23  Spore Crawler, Zergling x6  
  54  4:24  Drone x2  
  61  4:26  Zergling x4  
  61  4:30  Drone x2  
  65  4:31  Drone  
  65  4:42  Roach x3  
  73  4:45  Roach  
  73  4:50  Overlord  
  69  4:53  Roach  
  69  4:56  Roach x2  
  69  4:58  Overlord  
  74  5:00  Overseer  
  74  5:06  Overlord  
  74  5:13  Drone x8  
  82  5:14  Glial Reconstitution  
  82  5:18  Roach  
  84  5:24  Roach  
  84  5:25  Roach x2  
  90  5:29  Roach x2  
  90  5:32  Overlord  
  91  5:37  Roach x3  
  95  5:43  Overlord  
  95  5:48  Roach  
  97  5:50  Overlord  
  97  5:52  Roach x2  
  101  5:58  Overlord  
  101  6:01  Zergling x8  
  105  6:05  Drone x3  
  105  6:08  Drone x2  
  108  6:11  Drone x2  
  109  6:20  Overlord  
  109  6:21  Evolution Chamber, Drone x3  
  111  6:26  Ravager x2, Overseer  
  111  6:28  Zergling x4  
  111  6:30  Roach  
  116  6:34  Roach x2  
  116  6:37  Overlord  
  116  6:38  Zergling x2  
  118  6:46  Zergling x10  
  123  6:49  Roach  
  123  6:53  Roach  
  127  6:55  Extractor  
  127  6:56  Zerg Missile Weapons Level 1  
  127  6:58  Overlord  
  126  7:01  Drone x3  
  126  7:03  Drone x3  
  126  7:04  Drone  
  126  7:05  Drone  
  131  7:09  Overlord  
  131  7:13  Drone x4  
  131  7:15  Baneling Nest  
  134  7:16  Drone  
  134  7:18  Overseer  
  134  7:21  Drone  
  136  7:23  Extractor  
  135  7:31  Zergling x4, Roach x3  
  135  7:35  Roach  
  145  7:39  Hatchery  
  145  7:42  Roach x3  
  150  7:48  Overlord  
  150  7:49  Overlord x2  
  150  7:54  Pneumatized Carapace  
  150  7:58  Centrifical Hooks  
  150  8:03  Zergling x6  
  153  8:06  Overlord  
  153  8:07  Zergling x16  
  161  8:15  Baneling x4  
  161  8:16  Ravager x4  
  161  8:19  Zergling x10  
  169  8:21  Zergling x2  
  167  8:29  Zergling x2  
  167  8:30  Baneling, Zergling x4  
  167  8:31  Baneling x8  
  170  8:35  Zergling x6  
  170  8:38  Baneling x4  
  174  8:41  Zergling x10  
  174  8:44  Overlord  
  178  8:52  Baneling x4  
  178  8:53  Baneling x4  
  178  8:54  Overlord x2  
  178  8:57  Extractor  
  178  8:59  Baneling  
  178  9:00  Baneling x2  
  178  9:02  Zergling x2  
  178  9:03  Zergling x12  
  183  9:10  Baneling  
Show
View Real Time Build Order
Export as new Build Order

Harstem Protoss 

Build Orders: 1 Gate Expand, Mass Adepts, Zealot Archon, Archon Drop 

Get SALT Encoding   

  12  0:00  Probe  
  13  0:12  Probe  
  14  0:19  Pylon  
  14  0:24  Probe  
  15  0:30  Assimilator  
  15  0:33  Probe  
  15  0:41  Probe  
  16  0:47  Gateway  
  17  0:51  Probe  
  18  1:03  Probe  
  19  1:15  Probe  
  20  1:23  Nexus  
  20  1:35  Cybernetics Core, Probe  
  21  1:40  Assimilator  
  21  1:47  Probe  
  21  1:50  Pylon  
  22  2:00  Probe  
  22  2:01  Adept  
  23  2:08  Probe  
  23  2:12  Warp Gate  
  26  2:16  Probe  
  26  2:21  Twilight Council  
  27  2:26  Probe  
  28  2:31  Stalker  
  28  2:36  Probe  
  31  2:38  Probe  
  32  2:46  Robotics Facility  
  32  2:48  Probe  
  32  2:51  Resonating Glaives  
  33  2:52  Probe  
  34  3:00  Probe  
  34  3:04  Gateway  
  36  3:09  Gateway  
  36  3:12  Probe  
  36  3:19  Probe  
  35  3:23  Warp Prism  
  35  3:25  Probe  
  35  3:26  Pylon  
  36  3:32  Probe  
  39  3:37  Probe  
  40  3:42  Assimilator  
  40  3:44  Probe, Assimilator  
  40  3:47  Pylon  
  42  3:56  Probe  
  42  4:01  Dark Shrine  
  42  4:03  Adept x3  
  42  4:05  Probe  
  42  4:09  Probe  
  50  4:15  Pylon  
  51  4:17  Pylon  
  51  4:23  Adept  
  51  4:25  Adept  
  51  4:26  Adept  
  54  4:34  Probe  
  54  4:36  Probe  
  56  4:38  Pylon  
  56  4:41  Pylon  
  56  4:50  Adept x2  
  56  4:52  Adept  
  62  4:55  Pylon  
  62  4:56  Probe  
  62  4:57  Probe  
  65  5:15  Dark Templar x3  
  65  5:18  Observer, Probe  
  65  5:21  Pylon  
  71  5:23  Nexus  
  71  5:24  Pylon  
  71  5:28  Forge, Probe  
  73  5:39  Probe  
  73  5:41  Immortal, Probe  
  73  5:49  Dark Templar  
  73  5:50  Archon  
  73  5:51  Probe  
  73  5:53  Probe  
  73  5:56  Archon  
  75  6:01  Protoss Ground Weapons Level 1  
  75  6:04  Probe  
  76  6:05  Probe  
  76  6:08  Sentry x2  
  76  6:10  Immortal, Gateway  
  79  6:12  Pylon  
  79  6:16  Probe  
  79  6:17  Probe  
  85  6:25  Sentry  
  85  6:28  Probe  
  85  6:29  Probe  
  89  6:35  Zealot, Sentry  
  85  6:40  Probe  
  85  6:41  Gateway  
  85  6:42  Gateway  
  84  6:50  Dark Templar  
  78  6:59  Probe  
  79  7:05  Charge  
  79  7:08  Pylon  
  81  7:10  Phoenix  
  81  7:11  Zealot  
  81  7:13  Gateway, Pylon  
  81  7:14  Gateway  
  83  7:16  Immortal  
  83  7:27  Pylon  
  83  7:32  Nexus  
  83  7:35  Probe  
  83  7:36  Pylon  
  84  7:41  Zealot x3  
  84  7:42  Zealot  
  92  7:45  Probe  
  92  7:47  Probe  
  92  7:51  Dark Templar  
  96  7:53  Zealot  
  96  7:57  Probe  
  99  7:59  Probe  
  100  8:08  Templar Archives  
  100  8:09  Probe  
  100  8:11  Probe  
  102  8:21  Probe  
  102  8:23  Probe  
  102  8:28  Assimilator  
  102  8:30  Photon Cannon  
  102  8:31  Photon Cannon  
  102  8:34  Probe  
  103  8:35  Probe  
  104  8:45  Pylon, Assimilator  
  104  8:47  High Templar x3  
  110  8:59  Shield Battery  
  110  9:01  Shield Battery  
  110  9:03  High Templar  
  112  9:16  Photon Cannon  
  116  9:18  Shield Battery  
  116  9:20  Pylon  
Tags
 
Add a new tag
Caveats
  • Supply blocks, unpowered buildings, or Contaminate may cause inaccurate times.
  • Supply counts are checked every 10 seconds.